 Dungeon Crawl Stone Soup version 0.29.0-4-gdea44cf6ec (webtiles) character file.

Game seed: 17627250014288137613

35 qw the Chopper (level 3, -1/21 HPs)
             Began as a Tengu Warper on Aug 28, 2022.
             Slain by a black bear (4 damage)
             ... on level 2 of the Dungeon.
             The game lasted 00:00:07 (1298 turns).

qw the Chopper (Tengu Warper)                       Turns: 1298, Time: 00:00:07

Health: -1/21      AC:  5    Str: 13    XL:     3   Next: 35%
Magic:  7/7        EV: 15    Int: 13    God:
Gold:   45         SH:  0    Dex: 13    Spells: 6/6 levels left

rFire   . . .      SeeInvis +   Y - +0 hand axe
rCold   . . .      Faith    .   (no shield)
rNeg    . . .      Spirit   .   i - +0 ring mail
rPois   .          Reflect  .   (helmet restricted)
rElec   .          Harm     .   (no cloak)
rCorr   .          Rampage  .   (no gloves)
Will    .....                   (boots unavailable)
Stlth   +.........              (no amulet)
HPRegen 0.07/turn               g - ring of see invisible
MPRegen 0.10/turn               j - +4 ring of evasion

@: no status effects
A: beak, talons 3
a: no special abilities


You were on level 2 of the Dungeon.
You visited 1 branch of the dungeon, and saw 2 of its levels.

You collected 45 gold pieces.


Innate Abilities, Weirdness & Mutations

You have a beak for a mouth.
You have claws for feet.


   Skills:
 - Level 2.0 Fighting
 + Level 4.1 Axes
 - Level 1.0 Throwing
 - Level 1.1 Armour
 - Level 2.1 Dodging
 - Level 2.0 Spellcasting
 - Level 2.4 Translocations


You had 6 spell levels left.
You didn't know any spells.
Your spell library contained the following spells:

 Spells                   Type           Power      Damage    Failure   Level
 Blink                    Tloc           14%        N/A       30%         2
 Gell's Gravitas          Tloc           7%         N/A       52%         3
 Lesser Beckoning         Tloc           7%         N/A       52%         3
 Teleport Other           Tloc           7%         N/A       52%         3
 Manifold Assault         Tloc           7%         N/A       99%         5

Inventory:

Hand Weapons
 e - a +0 mace
 Y - a +0 hand axe (weapon)
Armour
 i - a +0 ring mail (worn)
Jewellery
 g - a ring of see invisible (left hand)
 j - a +4 ring of evasion (right hand)
 k - a +6 ring of strength
Scrolls
 a - 2 scrolls of identify
Potions
 b - a potion of degeneration {unknown}
 d - a potion of curing

Dungeon Overview and Level Annotations

Branches:
Dungeon (2/15)

Altars:


Message History

You barely miss the hobgoblin. The black bear closely misses you.
The black bear claws you but does no damage.
The black bear completely misses you. The hobgoblin closely misses you.
You hit the black bear. You claw the black bear. You peck the black bear.
The black bear is severely wounded.
You hit the hobgoblin but do no damage. The black bear bites you.
The black bear claws you. The black bear barely misses you.
The hobgoblin barely misses you.
You completely miss the black bear.
The black bear is severely wounded.
You hit the hobgoblin but do no damage.
The black bear bites you but does no damage.
The black bear claws you but does no damage.
The black bear completely misses you. The hobgoblin closely misses you.
You hit the black bear but do no damage.
You claw the black bear.
The black bear is severely wounded.
You hit the hobgoblin. The black bear bites you.
The black bear claws you but does no damage.
The black bear barely misses you. The hobgoblin misses you.
You hit the black bear but do no damage.
Your kick misses the black bear.
The black bear is severely wounded.
You hit the hobgoblin.
You kill the hobgoblin!
The black bear goes berserk!
You closely miss the black bear. You claw the black bear.
You peck the black bear, but do no damage.
The black bear is almost dead.
The black bear closely misses you.
The black bear claws you but does no damage. x2
The black bear barely misses you. x2; The black bear closely misses you.
You hit the black bear but do no damage.
The black bear is almost dead.
The black bear bites you but does no damage.
The black bear claws you. The black bear closely misses you.
The black bear bites you. The black bear claws you.
You die...

........#.............#
.######.#.#####.#####.#
........#.# #.#####.##
...####.#.#####.#.......
#.........#.###.#.
.#.####.#.#####.# #.).
..........# .......##.
.....##h#.# #.#.##. #<
.... #@#.# #.# #. ## .##
#?....... .. #.#......
#. ..#...... ..# .....
.... ..... #... ..##
#..# #.#


You could see a black bear (berserk).

Vanquished Creatures
  2 dart slugs (D:1)
  2 bats (D:1)
  2 endoplasms (D:1)
  A giant cockroach (D:1)
  3 goblins (D:1)
  4 hobgoblins
  5 kobolds
  A quokka (D:1)
  6 ball pythons (D:1)
  A frilled lizard (D:1)
  3 rats (D:1)
30 creatures vanquished.

Notes
Turn   | Place    | Note
-------+----------+-------------------------------------------
     0 | D:1      | qw the Tengu Warper began the quest for the Orb.
     0 | D:1      | Reached XP level 1. HP: 12/12 MP: 4/4
     0 | D:1      | 0 ||| qw: Version: 0.1-a-89-g26bdef1
     0 | D:1      | 0 ||| qw: Game counter: 2309
     0 | D:1      | 0 ||| qw: Always use a shield: true
     0 | D:1      | 0 ||| qw: God list: Okawaru
     0 | D:1      | 0 ||| qw: Allow faded altars: false
     0 | D:1      | 0 ||| qw: Do Orc after D:15 true
     0 | D:1      | 0 ||| qw: Do second Lair branch before Depths: true
     0 | D:1      | 0 ||| qw: Lair rune preference: random
     0 | D:1      | 0 ||| qw: Plans: Normal
     0 | D:1      | 0 ||| PLANNING D:1-11
    75 | D:1      | 75 ||| Stepping ~*~*~tactically~*~*~ (stealth).
   234 | D:1      | 234 ||| Stepping ~*~*~tactically~*~*~ (stealth).
   256 | D:1      | 256 ||| Stepping ~*~*~tactically~*~*~ (stealth).
   280 | D:1      | Reached skill level 3 in Axes
   280 | D:1      | Reached XP level 2. HP: 17/17 MP: 6/6
   401 | D:1      | 401 ||| Stepping ~*~*~tactically~*~*~ (stealth).
   410 | D:1      | 410 ||| Stepping ~*~*~tactically~*~*~ (stealth).
   441 | D:1      | 441 ||| Stepping ~*~*~tactically~*~*~ (stealth).
   590 | D:1      | Found a faded altar of an unknown god.
   605 | D:1      | Reached XP level 3. HP: 20/21 MP: 7/7
   868 | D:1      | 868 ||| Stepping ~*~*~tactically~*~*~ (stealth).
   869 | D:1      | 869 ||| Stepping ~*~*~tactically~*~*~ (stealth).
   988 | D:1      | Reached skill level 4 in Axes
  1188 | D:1      | 1188 ||| UPGRADING to +0 ring mail.
  1198 | D:1      | 1198 ||| DROPPING +0 leather armour.
  1199 | D:1      | 1199 ||| UPGRADING to ring of see invisible.
  1200 | D:1      | 1200 ||| UPGRADING to +4 ring of evasion.
  1201 | D:1      | 1201 ||| READING 3 scrolls labelled HEACRO FOSE.
  1202 | D:1      | 1202 ||| READING scroll labelled ORIUMU NAUREB.
  1203 | D:1      | 1203 ||| READING scroll labelled ZOBBOA PINKOT.
  1204 | D:1      | 1204 ||| DRINKING 2 sedimented purple potions.
  1205 | D:1      | 1205 ||| DROPPING scroll of blinking.
  1290 | D:2      | Noticed a black bear
  1298 | D:2      | HP: 4/21 [black bear (4)]
  1298 | D:2      | Slain by a black bear

Levels and vault maps discovered:
D:1:      roderic_chinese_lattice_arrival, layout_loops_ring,
          ebering_ecumenical_altar_hall, st_stairs_8, minmay_tetromino_o4
D:2:      kennysheep_big_flooded_room, layout_basic, uniq_robin

Skill      XL: |  1  2  3 |
---------------+----------+-----
Axes           | 3 4 |  4.1
Fighting       | |  2.0
Throwing       | |  1.0
Armour         | |  1.1
Dodging        | |  2.1
Spellcasting   | |  2.0
Translocations | |  2.4

Action                   || total
-------------------------++-------
Melee: Hand axe          ||    66
       Peck              ||     7
       Kick              ||    19
       Punch             ||     1
Throw: Boomerang         ||     7
  Use: Scroll            ||     3
       Potion            ||     1
Armor: Leather armour    ||     8
       Ring mail         ||     7
Dodge: Dodged            ||    39

Table legend:
 A = Non-vault XP
 B = Vault XP
 C = Vault XP percentage of total XP
 D = Non-vault monster count
 E = Vault monster count
 F = Vault count percentage of total count
                 A         B        C        D         E       F
            +---------+---------+-------+---------+---------+-------
      Total |      43 |       8 |  15.7 |      25 |       5 |  16.7
            +---------+---------+-------+---------+---------+-------
        D:1 |      40 |       8 |  16.7 |      23 |       5 |  17.9
        D:2 |       3 |       0 |   0.0 |       2 |       0 |   0.0
            +---------+---------+-------+---------+---------+-------
